AoeStats
← 投矛手愛好者

Black Forest

508465876Analyzed
4v4 RM · 9d ago on Sep 22, 2026· 36m 31s· 8 players
Game mode
Random Map
Map size
Large (8 player)
Population
200
Speed
Normal
Resources
Standard
Victory
Conquest
Starting age
Dark Age
Ending age
Imperial Age
RankedLock teamsTeams togetherTeam positionsShared explorationLock speedFull tech treeHidden civsTurbo modeCheats
Victory
Defeat
🇹🇼 Khmer · Taiwan
1415
+11
🇹🇷 Varangians · Türkiye
1406
+11
🇲🇴 Wu · Macao SAR China
1389
+12
🇭🇰 Saxons · Hong Kong SAR China
1381
+12
🇹🇷 Cumans · Türkiye
1383
-15
🇹🇷 Bohemians · Türkiye
1351
-14
🇹🇷 Goths · Türkiye
1294
-11
🇹🇷 Franks · Türkiye
1141
-6
屁屁人
0:39 Loom
10:34 Feudal Age
10:41 Man-at-Arms
12:38 Arson
13:57 Double-Bit Axe
17:49 Fletching
18:00 Scale Mail Armor
25:07 Forging
26:57 Castle Age
24:43 Horse Collar
25:53 Stone Mining
28:00 Chain Mail Armor
28:06 Bodkin Arrow
28:23 Squires
31:11 Gold Mining
32:26 Bow Saw
34:09 Red Cliffs Tactics
35:33 Heavy Plow
36:16 Wheelbarrow
TERITKIS
5:54 Loom
12:47 Feudal Age
16:51 Castle Age
14:42 Double-Bit Axe
14:43 Horse Collar
18:46 Wheelbarrow
20:25 Bow Saw
21:55 Heavy Plow
24:59 Gold Mining
25:37 Forging
25:28 Scale Mail Armor
26:02 Husbandry
26:14 Scale Barding Armor
27:56 Hand Cart
28:42 Chain Barding Armor
28:57 Iron Casting
29:24 Bloodlines
32:32 Imperial Age
30:28 Arson
30:43 Squires
30:29 Gambesons
32:41 Fletching
33:40 Conscription
33:05 Cavalier
36:20 Plate Barding Armor
35:47 Padded Archer Armor
35:43 Bodkin Arrow
36:51 Blast Furnace
37:01 Conscription
cccccccccc
11:13 Feudal Age
15:45 Castle Age
13:49 Double-Bit Axe
13:45 Horse Collar
17:13 Heavy Plow
17:29 Bow Saw
23:34 Wheelbarrow
23:35 Gold Mining
25:11 Hand Cart
29:19 Imperial Age
28:51 Gold Shaft Mining
28:51 Scale Barding Armor
28:57 Forging
31:09 Iron Casting
30:55 Chain Barding Armor
30:48 Bloodlines
30:39 Husbandry
30:17 Elite Battle Elephant
30:45 Loom
33:19 Tusk Swords
33:41 Conscription
投矛手愛好者
4:06 Loom
9:08 Feudal Age
9:19 Man-at-Arms
14:52 Double-Bit Axe
16:58 Fletching
22:00 Castle Age
21:29 Gold Mining
22:11 Padded Archer Armor
22:09 Crossbowman
22:45 Bodkin Arrow
26:37 Scale Mail Armor
26:36 Horse Collar
27:12 Squires
27:24 Forging
27:38 Town Watch
32:53 Wheelbarrow
33:31 Heavy Plow
33:52 Hand Cart
34:27 Gold Shaft Mining
33:47 Stone Mining
35:56 Gold Shaft Mining
38:50 Imperial Age
perekli
12:08 Feudal Age
12:16 Man-at-Arms
15:14 Double-Bit Axe
15:54 Scale Mail Armor
21:21 Castle Age
19:56 Stone Mining
19:50 Horse Collar
24:12 Bow Saw
26:44 Wheelbarrow
26:35 Scale Barding Armor
29:55 Chain Mail Armor
31:08 Forging
32:05 Anarchy
32:23 Gold Mining
33:27 Iron Casting
33:14 Squires
33:02 Pikeman
34:43 Heavy Plow
MELKOR
5:43 Loom
10:13 Feudal Age
10:41 Double-Bit Axe
10:37 Horse Collar
30:22 Castle Age
31:58 Gold Mining
32:03 Fletching
32:14 Padded Archer Armor
33:46 Ballistics
33:48 Bodkin Arrow
34:32 Bloodlines
Deve Tuncay
11:34 Feudal Age
12:17 Double-Bit Axe
17:33 Castle Age
18:21 Man-at-Arms
26:42 Bow Saw
27:13 Wheelbarrow
LongHairedBaldMan
2:55 Loom
12:21 Feudal Age
12:23 Man-at-Arms
23:05 Fletching
27:16 Castle Age
26:45 Horse Collar
26:50 Double-Bit Axe
32:18 Wheelbarrow
Connection lost

Rejoining the realm…

Still unreachable

The connection could not be restored.

Session expired

The server has moved on; the page needs a fresh start.